 Dungeon Sprint DCSS version 0.31-a0-765-g67fe2935dc (webtiles) character file.

Game seed: 2056777487072914426

21177 Conn the Scorcher (level 12, -21/108 HPs)
             Began as an Octopode Fire Elementalist on Sept 16, 2023.
             Was the Champion of Sif Muna.
             Killed by an exploding ball lightning (34 damage)
             ... in the Dungeon (Sprint I: "Red Sonja").
             The game lasted 00:36:02 (4427 turns).

Conn the Scorcher (Octopode Fire Elementalist)      Turns: 4427, Time: 00:36:03

Health: -21/108    AC: 26    Str:  7    XL:     12   Next: 87%
Magic:  31/31      EV:  2    Int: 21    God:    Sif Muna [******]
Gold:   1276       SH:  9    Dex: 18    Spells: 4/43 levels left

rFire   . . .        u - +5 flail of Suiw {elec, rPois MP+9 SInv Stlth-}
rCold   . . .        k - +2 buckler {rN+}
rNeg    + . .        s - melded +2 hat
rPois   +            q - amulet of magic regeneration
rElec   .            (no ring)
rCorr   .            v - +6 ring of dexterity
SInv    +            (no ring)
Will    .....        (no ring)
Stlth   ++           (no ring)
HPRegen 0.38/turn    (no ring)
MPRegen 0.62/turn    (no ring)
                     (no ring)

%: no teleportation, random rage (3%)
@: tree-form, attractive
A: stationary, stasis, torment immunity, boosted hp, almost no armour,
(amphibious), 8 rings, (camouflage 1), (gelatinous body 1), (nimble swimmer 1),
(tentacles), berserk 1, frail 1, low MP 3, weak 1, inability to read after
injury 1
a: Renounce Religion, Channel Magic, Forget Spell, Divine Exegesis


You were in the Dungeon.
You worshipped Sif Muna.
Sif Muna was exalted by your worship.
You were a tree.
You visited 1 branch You collected 2683 gold pieces.
You spent 1407 gold pieces at shops.

Inventory:

Hand Weapons
 h - a +2 dagger of draining
 n - the +1 short sword of the Lame Duck {heavy, rF+}
   (You bought it in a shop in the Dungeon)

   rF+:       It protects you from fire.
 t - the +4 broad axe of the Abyss {flame, Will+}
   (You bought it in a shop in the Dungeon)

   Will+:     It increases your willpower.
 u - the +5 flail of Suiw (weapon) {elec, rPois MP+9 SInv Stlth-}
   (You bought it in a shop in the Dungeon)

   rPois:     It protects you from poison MP+9: It affects your magic capacity
   (+9).
   SInv:      It lets you see invisible.
   Stlth-:    It makes you less stealthy.
Missiles
 i - a curare-tipped dart (quivered)
Armour
 k - a +2 buckler of positive energy (worn)
 s - a +2 hat (melded)
Jewellery
 j - a ring of fire
 q - an amulet of magic regeneration (around neck)
 v - a +6 ring of dexterity (right branch)
Wands
 e - a wand of polymorph (9)
 g - a wand of quicksilver (7)
 m - a wand of mindburst (15)
Scrolls
 l - a scroll of revelation
 r - a scroll of amnesia {unknown}
Potions
 a - 3 potions of magic
Miscellaneous
 d - a phantom mirror (inert)


   Skills:
 + Level 6.5 Fighting
 - Level 1.1 Short Blades
 + Level 1.7 Maces & Flails
 + Level 2.4 Throwing
 + Level 7.5 Dodging
 - Level 5.0 Stealth
 * Level 10.0 Shields
 * Level 16.3 Spellcasting
 * Level 11.8 Conjurations
 + Level 3.5 Hexes
 * Level 7.5 Summonings
 + Level 4.2 Translocations
 + Level 16.7 Fire Magic
 * Level 10.9 Invocations
 + Level 0.5 Evocations


You had 4 spell levels left.
You knew the following spells:

 Your Spells              Type           Power      Damage    Failure   Level
a - Foxfire               Conj/Fire      100%       2x1d9     0%          1
b - Scorch                Fire           100%       2d9       0%          2
c - Inner Flame           Hex/Fire       56%        N/A       1%          3
d - Flame Wave            Conj/Fire      67%        2d15      1%          4
e - Summon Forest         Summ/Tloc      20%        N/A       12%         5
f - Call Canine Familiar  Summ           48%        N/A       1%          3
g - Ignition              Fire           36%        3d11      32%         8
h - Starburst             Conj/Fire      33%        6d10      1%          6
i - Orb of Destruction    Conj           30%        9d10      30%         7

Your spell library contained the following spells:

 Spells                   Type           Power      Damage    Failure   Level
 Slow                     Hex            100%       N/A       1%          1
 Lesser Beckoning         Tloc           68%        N/A       1%          2
 Searing Ray              Conj           100%       2d8       1%          2
 Static Discharge         Conj/Air       84%        2-6/arc   1%          2
 Dazzling Flash           Conj/Hex       98%        N/A       1%          3
 Stone Arrow              Conj/Erth      84%        3d12      1%          3
 Volatile Blastmotes      Fire/Tloc      100%       2d18      1%          3
 Iskenderun's Mystic Bla  Conj/Tloc      50%        2d11      1%          4
 Gell's Gravitas          Tloc           34%        N/A       2%          3
 Teleport Other           Tloc           34%        N/A       2%          3
 Confusing Touch          Hex            32%        N/A       3%          3
 Sigil of Binding         Hex            32%        N/A       3%          3
 Cause Fear               Hex            16%        N/A       11%         4
 Vampiric Draining        Necr           17%        2d7       14%         3
 Anguish                  Hex/Necr       12%        N/A       22%         4
 Leda's Liquefaction      Hex/Erth       12%        N/A       22%         4
 Olgreb's Toxic Radiance  Pois           17%        N/A       41%         4
 Spellforged Servitor     Conj/Summ      27%        N/A       58%         7
 Monstrous Menagerie      Summ           24%        N/A       87%         7
 Malign Gateway           Summ/Tloc      20%        N/A       98%         7
 Enfeeble                 Hex            16%        N/A       100%        7
 Discord                  Hex            16%        N/A       100%        8
 Chain Lightning          Conj/Air       21%        3d28      100%        9
 Fire Storm               Conj/Fire      33%        8d9       100%        9
 Shatter                  Erth           8%         3d10*     100%        9


Dungeon Overview and Level Annotations

Branches:
Dungeon (1/1)

Altars:
Cheibriados
Dithmenos
Elyvilon
Fedhas
Gozag
Hepliaklqana
Kikubaaqudgha
Makhleb
Nemelex Xobeh
Okawaru
Qazlal
Ru
Sif Muna
Trog
Uskayaw
Vehumet
Wu Jian
Xom
Yredelemnul
Zin
The Shining One
Jiyva
Lugonu

Shops:
D =:([(([(:!([[?((=[([?

Annotations:
D Lom Lobon


Innate Abilities, Weirdness & Mutations

You are a tree.
Your roots penetrate the ground, keeping you stationary.
You cannot be teleported.
You are immune to unholy pain and torment.
Your maximum health is greatly increased.
You cannot wear most types of armour.
((You are amphibious.))
You can wear up to eight rings at the same time.
((Your skin changes colour to match your surroundings (Stealth+).))
((Your rubbery body absorbs attacks. (AC +1, EV +1)))
((You are camouflaged when in or above water. (Stealth+)))
((You have tentacles for arms and can constrict up to eight enemies at once.))
You sometimes lose your temper in combat.
You are frail. (-10% HP)
Your magical capacity is extremely low. (-30% MP)
You are weak. (Str -2)
You occasionally lose the ability to read scrolls when taking damage.


Message History

The ball lightning fails to trigger a net trap.
A ball lightning comes into view. x2
You hear a clap of thunder!
The blast of lightning engulfs the ball lightning.
The ball lightning completely resists.
The blast of lightning engulfs the ball lightning.
The ball lightning completely resists.
The ball lightning moves out of view.
The ball lightning is attracted toward you.
Unknown command.
Unknown command.
Unknown command.
Okay, then.
Unknown command.
Unknown command.
Unknown command.
Unknown command.
Unknown command.
Unknown command.
Unknown command.
Okay, then.
Okay, then.
Unknown command.
As you read the scroll labelled QEWNUE NOYHIARO, it crumbles to dust.
You assume a fearsome visage.
The ball lightning is unaffected.
It was a scroll of fear.
A ball lightning comes into view.
The ball lightning fails to trigger a net trap.
A ball lightning comes into view.
The ball lightning explodes!
The blast of lightning engulfs the ball lightning.
The ball lightning completely resists.
The blast of lightning engulfs Lom Lobon.
Lom Lobon completely resists.
The blast of lightning engulfs the ball lightning.
The ball lightning completely resists.
The ball lightning explodes!
The blast of lightning engulfs Lom Lobon.
Lom Lobon completely resists.
The blast of lightning engulfs you!!
You die...

#~~~~~####### .○$
####~~~~#~~~~~#°.○.
#..#'~~~'~~.~~'...○$
#...#♣~~#~~~~~#~°~.. §
#....######'#####~~~ ○○§
#....#~~≈≈≈≈≈≈≈≈# ~~
§§§§#######~~~)≈≈≈≈≈≈≈≈~
*§§&§☼°#..'$$.~~~~~~~#≈
#☼"♣)[#$$($$$$$~~~#
###################


You could see a ball lightning and the friendly Lom Lobon (summoned, gusty,
drained, magic disrupted).

Vanquished Creatures
  the Lernaean hydra (D)
  A deep elf master archer (D)
  A deep elf annihilator (D)
  A mummy priest (D)
  A hydra (D)
  2 centaur warriors (D)
  3 demonic crawlers (D)
  Sonja (D)
  A deep troll (D)
  A lindwurm (D)
  8 shining eyes (D)
  2 oklob plants (D)
  2 merfolk sirens (D)
  A gargoyle (D)
  2 unseen horrors (D)
  2 kobold demonologists (D)
  A hellwing (D)
  5 hornets (D)
  Sigmund (D)
  A slime creature (D)
  2 redbacks (D)
  A yak (D)
  13 hogs (D)
  7 floating eyes (D)
  An ogre (D)
  7 necrophages (D)
  8 jellies (D)
  Ijyb (D)
  A ballistomycete spore (D)
79 creatures vanquished.

Vanquished Creatures (collateral kills)
  A demonic crawler (D)
1 creature vanquished.

Vanquished Creatures (others)
  A gargoyle (D)
  3 ball lightnings (D)
  A ballistomycete spore (D)
  183 foxfires (D)
188 creatures vanquished.

Grand Total: 268 creatures vanquished

Notes
Turn   | Place    | Note
-------+----------+-------------------------------------------
     0 | D        | Conn the Octopode Fire Elementalist began the quest for the
                  | Orb.
     0 | D        | Reached XP level 1. HP: 11/11 MP: 3/3
     1 | D        | Noticed Ijyb
    42 | D        | Killed Ijyb
    43 | D        | Reached skill level 5 in Fire Magic
    43 | D        | Reached XP level 2. HP: 13/17 MP: 0/6
    43 | D        | Reached XP level 3. HP: 16/21 MP: 0/7
    91 | D        | Learned a level 2 spell: Scorch
    95 | D        | Learned a level 3 spell: Inner Flame
   105 | D        | Noticed an ogre
   107 | D        | Killed an ogre
   108 | D        | Reached XP level 4. HP: 27/27 MP: 3/10
   121 | D        | Learned a level 4 spell: Flame Wave
   167 | D        | Noticed Sigmund
   170 | D        | Killed Sigmund
   171 | D        | Reached skill level 5 in Stealth
   171 | D        | Reached XP level 5. HP: 9/31 MP: 2/13
   171 | D        | Reached XP level 6. HP: 11/36 MP: 2/15
   278 | D        | Found a shimmering blue altar of Sif Muna.
   279 | D        | Found an ornate altar of the Wu Jian Council.
   280 | D        | Found a radiant altar of Vehumet.
   284 | D        | Became a worshipper of Sif Muna the Loreminder
   317 | D        | Found a burning altar of Makhleb.
   317 | D        | Found a viscous altar of Jiyva.
   317 | D        | Found a shimmering altar of Xom.
   317 | D        | Found a corrupted altar of Lugonu.
   317 | D        | Noticed a slime creature
   322 | D        | Killed a slime creature
   323 | D        | Reached skill level 5 in Dodging
   323 | D        | Reached skill level 10 in Fire Magic
   323 | D        | Reached XP level 7. HP: 22/41 MP: 7/17
   405 | D        | Noticed Sonja
   407 | D        | Killed Sonja
   407 | D        | Reached * piety under Sif Muna
   408 | D        | Reached XP level 8. HP: 46/46 MP: 10/20
   502 | D        | Found Ohoisas's Jewellery Boutique.
   510 | D        | Bought a ring of fire for 350 gold pieces
   526 | D        | Found Javaeb's Antique Armour Emporium.
   526 | D        | Found an ancient bone altar of Kikubaaqudgha.
   526 | D        | Found a hazy altar of Hepliaklqana.
   526 | D        | Found a stormy altar of Qazlal.
   526 | D        | Found a hide-covered altar of Uskayaw.
   526 | D        | Found a blossoming altar of Fedhas.
   526 | D        | Found a bloodstained altar of Trog.
   526 | D        | Found an iron altar of Okawaru.
   526 | D        | Found a basalt altar of Yredelemnul.
   526 | D        | Found a glowing golden altar of the Shining One.
   526 | D        | Found a snail-covered altar of Cheibriados.
   526 | D        | Found a sacrificial altar of Ru.
   526 | D        | Found a glowing silver altar of Zin.
   526 | D        | Found a shadowy altar of Dithmenos.
   526 | D        | Found a white marble altar of Elyvilon.
   526 | D        | Noticed a yak
   532 | D        | Killed a yak
   535 | D        | Found an opulent altar of Gozag.
   536 | D        | Found a sparkling altar of Nemelex Xobeh.
   540 | D        | Bought a glowing buckler for 142 gold pieces
   555 | D        | Noticed a deep troll
   569 | D        | Killed a deep troll
   570 | D        | Reached skill level 1 in Throwing
   570 | D        | Reached XP level 9. HP: 55/55 MP: 13/22
   587 | D        | Found Nanna's Armour Emporium.
   625 | D        | Noticed a kobold demonologist
   628 | D        | Killed a kobold demonologist
   628 | D        | Reached ** piety under Sif Muna
   629 | D        | Noticed a kobold demonologist
   631 | D        | Killed a kobold demonologist
   632 | D        | Reached skill level 10 in Spellcasting
   721 | D        | Noticed a shining eye
   721 | D        | Noticed a shining eye
   721 | D        | Noticed a shining eye
   726 | D        | Paralysed by a floating eye for 4 turns
   733 | D        | Paralysed by a floating eye for 4 turns
   739 | D        | Killed a shining eye
   739 | D        | Reached *** piety under Sif Muna
   739 | D        | Killed a shining eye
   740 | D        | Reached skill level 1 in Hexes
   740 | D        | Reached skill level 5 in Invocations
   742 | D        | Noticed a shining eye
   747 | D        | Gained mutation: You occasionally lose the ability to read
                  | scrolls when taking damage. [a shining eye]
   835 | D        | Gained mutation: You are frail. (-10% HP) [a shining eye]
   836 | D        | Killed a shining eye
   837 | D        | Reached skill level 5 in Fighting
   837 | D        | Reached skill level 5 in Shields
   837 | D        | Reached XP level 10. HP: 59/59 MP: 12/25
   838 | D        | Paralysed by a floating eye for 3 turns
   841 | D        | Reached **** piety under Sif Muna
   940 | D        | Noticed a shining eye
   940 | D        | Noticed a shining eye
   943 | D        | Gained mutation: You sometimes lose your temper in combat.
                  | [a shining eye]
   944 | D        | Killed a shining eye
   950 | D        | Killed a shining eye
   950 | D        | Gained mutation: You have hidden genetic defects. [a
                  | shining eye]
   955 | D        | Killed a shining eye
   955 | D        | Reached ***** piety under Sif Muna
   958 | D        | Noticed a shining eye
   958 | D        | Noticed a shining eye
   963 | D        | Gained mutation: Your magical capacity is low. (-10% MP) [a
                  | shining eye]
   966 | D        | Killed a shining eye
   966 | D        | Received a gift from Sif Muna
   967 | D        | Got Sif Muna's Octavo of Alluring Superposition {god gift}
   969 | D        | Gained mutation: You are weak. (Str -2) [hidden defects]
   975 | D        | Gained mutation: Your magical capacity is very low. (-20%
                  | MP) [a shining eye]
   976 | D        | Killed a shining eye
   977 | D        | Reached skill level 15 in Fire Magic
  1070 | D        | Found Xaepoin's Weapon Shop.
  1070 | D        | Found Punit's Book Shoppe.
  1070 | D        | Found Murij's Antique Weapon Boutique.
  1070 | D        | Found Iran Vus's Antique Weapon Emporium.
  1106 | D        | Bought an encrusted short sword for 256 gold pieces
  1106 | D        | Identified the +1 short sword of the Lame Duck {heavy, rF+}
                  | (You bought it in a shop in the Dungeon)
  1153 | D        | Learned a level 5 spell: Summon Forest
  1155 | D        | Noticed a centaur warrior
  1158 | D        | Noticed a centaur warrior
  1168 | D        | Killed a centaur warrior
  1168 | D        | Killed a centaur warrior
  1169 | D        | Reached XP level 11. HP: 23/66 MP: 8/21
  1195 | D        | Gained mutation: Your magical capacity is extremely low.
                  | (-30% MP) [hidden defects]
  1195 | D        | Lost mutation: You have hidden genetic defects. [hidden
                  | defects expressed]
  1443 | D        | Noticed an oklob plant
  1755 | D        | Killed an oklob plant
  1824 | D        | Received a gift from Sif Muna
  1825 | D        | Got Seklobalo's Octavo of Unfortunate Production {god gift}
  1836 | D        | Learned a level 3 spell: Call Canine Familiar
  1905 | D        | Received a gift from Sif Muna
  2192 | D        | Received a gift from Sif Muna
  2216 | D        | Identified the +3 ring mail of the Singing Gods {Int+3
                  | Dex+2}
  2228 | D        | Found Pulunn's Weapon Shoppe.
  2228 | D        | Found Jaaggyob's Antique Armour Shop.
  2228 | D        | Found Biomeam's Book Boutique.
  2230 | D        | Found Idodurcha's Distillery.
  2230 | D        | Found Futoqoj's Weapon Shop.
  2230 | D        | Found Nisuc's Antique Armour Shoppe.
  2230 | D        | Found Gezis's Antique Armour Boutique.
  2230 | D        | Found Fivonar's Magic Scroll Emporium.
  2230 | D        | Found Bagimitt's Antique Weapon Shop.
  2230 | D        | Found Byrghaag's Antique Weapon Shoppe.
  2234 | D        | Found Waxaoguc's Jewellery Boutique.
  2235 | D        | Bought a potion of lignification for 33 gold pieces
  2235 | D        | Found Takkepunt's Antique Weapon Emporium.
  2235 | D        | Found Daso's Armour Boutique.
  2236 | D        | Found Narumuq's Magic Scroll Emporium.
  2248 | D        | Bought a +2 hat for 224 gold pieces
  2350 | D        | Bought a bloodstained broad axe for 207 gold pieces
  2350 | D        | Identified the +4 broad axe of the Abyss {flame, Will+}
                  | (You bought it in a shop in the Dungeon)
  2352 | D        | Bought a crystal flail for 195 gold pieces
  2352 | D        | Identified the +5 flail of Suiw {elec, rPois MP+9 SInv
                  | Stlth-} (You bought it in a shop in the Dungeon)
  2410 | D        | Noticed a demonic crawler
  2410 | D        | Noticed a demonic crawler
  2410 | D        | Noticed a demonic crawler
  2410 | D        | Noticed a demonic crawler
  2413 | D        | Killed a demonic crawler
  2414 | D        | Reached skill level 1 in Short Blades
  2635 | D        | Learned a level 8 spell: Ignition
  2665 | D        | Killed a demonic crawler
  2666 | D        | Reached skill level 10 in Conjurations
  2677 | D        | Killed a demonic crawler
  2678 | D        | Killed a demonic crawler
  2838 | D        | Noticed a lindwurm
  2844 | D        | Killed a lindwurm
  2844 | D        | Received a gift from Sif Muna
  2845 | D        | Reached skill level 5 in Summonings
  2848 | D        | Got Sif Muna's Discursus on Illusion and Conjuration {god
                  | gift}
  2856 | D        | Learned a level 6 spell: Starburst
  2921 | D        | Received a gift from Sif Muna
  2922 | D        | Reached XP level 12. HP: 39/72 MP: 21/21
  2923 | D        | Reached ****** piety under Sif Muna
  2940 | D        | Learned a level 7 spell: Orb of Destruction
  3212 | D        | Noticed a 12-headed hydra
  3219 | D        | Killed a 12-headed hydra
  3220 | D        | Reached skill level 1 in Maces & Flails
  3224 | D        | Received a gift from Sif Muna
  3231 | D        | Got Zaipobb's Compendium of Fulgurous Power {god gift}
  3364 | D        | Noticed a deep elf annihilator
  3369 | D        | Killed a deep elf annihilator
  3370 | D        | Reached skill level 15 in Spellcasting
  3370 | D        | Reached skill level 10 in Invocations
  3379 | D        | Received a gift from Sif Muna
  3542 | D        | Noticed a mummy priest
  3710 | D        | Killed a mummy priest
  3827 | D        | Noticed the 27-headed Lernaean hydra
  3851 | D        | Killed the 27-headed Lernaean hydra
  3904 | D        | Noticed a deep elf master archer
  4296 | D        | Killed a deep elf master archer
  4297 | D        | Reached skill level 10 in Shields
  4418 | D        | Noticed Lom Lobon
  4421 | D        | HP: 5/108 [Lom Lobon] (7)]
  4427 | D        | Killed by an exploding ball lightning

Illustrated notes

Levels and vault maps discovered:
D:        dungeon_sprint_1 [red_sonja_temple_1, red_sonja_temple_small_1]

Skill      XL: |  1  2  3  4  5  6  7  8  9 10 11 12 |
---------------+-------------------------------------+-----
Stealth        | 3 4 5 |  5.0
Spellcasting   | 3 4 6 7 8 9 11 12 14 16 | 16.3
Fire Magic     | 5 7 9 10 12 13 14 15 16 | 16.7
Dodging        | 3 4 5 6 7 |  7.5
Conjurations   | 2 4 6 8 9 10 11 | 11.8
Fighting       | 2 5 6 |  6.5
Throwing       | 1 2 |  2.4
Shields        | 2 5 6 8 10 | 10.0
Invocations    | 2 5 7 9 10 | 10.9
Hexes          | 2 3 |  3.5
Summonings     | 2 5 7 |  7.5
Translocations | 2 4 |  4.2
Short Blades   | 1 |  1.1
Maces & Flails | 1 |  1.7
Evocations     | |  0.5

Action                     |  1- 3 |  4- 6 |  7- 9 | 10-12 || total
---------------------------+-------+-------+-------+-------++-------
  Melee: Unarmed           |    10 |       |       |       ||    10
         Tentacles         |     3 |       |       |     4 ||     7
         Constrict         |     1 |       |       |     4 ||     5
         Short sword       |       |       |       |    13 ||    13
         Flail             |       |       |       |    10 ||    10
  Throw: Dart              |       |       |     4 |     7 ||    11
   Cast: Foxfire           |     3 |     2 |    14 |    86 ||   105
         Scorch            |     2 |     6 |    17 |    67 ||    92
         Flame Wave        |       |     1 |       |    15 ||    16
         Inner Flame       |       |       |     6 |    11 ||    17
         Starburst         |       |       |       |    13 ||    13
         Call Canine Famil |       |       |       |     2 ||     2
         Monstrous Menager |       |       |       |     2 ||     2
         Summon Forest     |       |       |       |     4 ||     4
 Invoke: Channel Magic     |       |       |       |     1 ||     1
         Divine Exegesis   |       |       |       |     2 ||     2
  Evoke: Wand              |       |       |       |     1 ||     1
         Phantom mirror    |       |       |       |     1 ||     1
    Use: Potion            |     1 |       |       |    11 ||    12
         Scroll            |       |       |       |     3 ||     3
   Stab: Sleeping          |       |       |       |     1 ||     1
 Armour: Skin              |     2 |     4 |     1 |    97 ||   104
  Dodge: Dodged            |     4 |       |       |    35 ||    39
  Block: Buckler           |       |       |       |    30 ||    30

Table legend: (Time is in decaauts)
 A = Elapsed time spent in this place.
 B = Non-inter-level travel time spent in this place.
 C = Inter-level travel time spent in this place.
 D = Time resting spent in this place.
 E = Time spent auto-exploring this place.
 F = Levels seen in this place.
 G = Mean time per level.
                   A        B        C        D        E       F      G
               +--------+--------+--------+--------+--------+-----+--------+
         Total |   4425 |   4425 |      0 |   2769 |     73 |   1 | 4425.0 |
       Dungeon |   4425 |   4425 |      0 |   2769 |     73 |   1 | 4425.0 |
               +--------+--------+--------+--------+--------+-----+--------+

Top non-repeatable levels by time:
       D: 4425 daAuts
